 Dungeon Crawl Stone Soup version 0.19.1 (webtiles) character file.

74 Lovchig the Sneak (level 4, -6/39 HPs)
             Began as a Deep Dwarf Assassin on Dec 7, 2016.
             Mangled by a hobgoblin
             ... wielding a +0 club
             ... led by Robin
              (9 damage)
             ... on level 3 of the Dungeon.
             The game lasted 00:05:46 (1415 turns).

Lovchig the Sneak (Deep Dwarf Assassin)             Turns: 1415, Time: 00:05:46

Health: -6/39      AC:  5    Str: 15    XL:     4   Next: 10%
Magic:  4/4        EV: 12    Int: 12    God:
Gold:   145        SH:  0    Dex: 14    Spells: 0 memorised, 3 levels left

rFire  . . .     SeeInvis .     a - +3 dagger
rCold  . . .     Gourm    .     c - +0 robe
rNeg   . . .     Faith    .     (no shield)
rPois  .         Spirit   .     k - +0 helmet
rElec  .         Reflect  .     d - +1 cloak
rCorr  .         Harm     .     (no gloves)
MR     .....     Rnd*Tele +     (no boots)
Stlth  +++.......               (no amulet)
                                (no ring)
                                b - ring of teleportation (curse)

@: non-regenerating
A: damage resistance, recharge devices, sense surroundings 1, slow regeneration
3
a: Device Recharging


You were on level 3 of the Dungeon.
You were not hungry.

You visited 1 branch of the dungeon, and saw 3 of its levels.

You collected 145 gold pieces.

Inventory:

Hand Weapons
 a - a +3 dagger (weapon)
Armour
 c - a +0 robe (worn)
 d - a +1 cloak (worn)
 k - a +0 helmet (worn)
Jewellery
 b - a cursed ring of teleportation (left hand)
Wands
 g - a wand of heal wounds (4/9)
Scrolls
 e - a scroll of identify
Potions
 j - a potion of haste
 l - 2 potions of curing {unknown}
 m - a potion of heal wounds {unknown}
Comestibles
 f - 6 chunks of flesh
 h - 2 bread rations


   Skills:
 * Level 2.2 Fighting
 * Level 2.2 Short Blades
 - Level 1.7 Throwing
 * Level 2.0 Dodging
 * Level 6.1 Stealth


You had 3 spell levels left.
You didn't know any spells.

Dungeon Overview and Level Annotations

Branches:
Dungeon (3/15)

Altars:

Annotations:
D:3 Jessica, Robin


Innate Abilities, Weirdness & Mutations

You are resistant to damage.
You can recharge devices by infusing magical energy.
You passively map a small area around you.
You do not regenerate.


Message History

You hit the goblin.
You kill the goblin!
The goblin misses you. The hobgoblin hits you with a club.
You hit the goblin.
You kill the goblin!
Robin throws the goblin at you! The goblin hits you.
The goblin hits you with a club.
You hit the goblin but do no damage. The hobgoblin barely misses you.
The goblin hits you. The goblin closely misses you.
You closely miss the goblin. The hobgoblin hits you with a club!
* * * LOW HITPOINT WARNING * * *
The goblin hits you but does no damage.
You miss the goblin. The goblin barely misses you.
The hobgoblin hits you with a club.
* * * LOW HITPOINT WARNING * * *
The goblin barely misses you.
Some of the chunks of flesh in your inventory have rotted away.
You barely miss the goblin. The goblin closely misses you.
The hobgoblin hits you with a club!
You die...

.......<.....##......
.#.#............#...
#............#..,, *
,#...............,,
.............#..# ##
#....g....%.##..#...#
,............@##.......
..##.......gggg# , ,
,..#.......##@#, ,,*
,.........###.g......
.......## ##.#...).
..###. .. .... * #.
*#..,... , ... .. ,
.... . , #...? * *


You could see Robin, Jessica, a hobgoblin and 3 goblins.

Vanquished Creatures
  An adder (D:2)
  An ooze (D:1)
  A worm (D:2)
  2 dart slugs
  A leopard gecko (D:2)
  3 bats
  12 giant cockroaches
  8 goblins
  6 hobgoblins
  3 kobolds
  A quokka (D:2)
  4 frilled lizards (D:2)
  6 rats
49 creatures vanquished.

Notes
Turn   | Place    | Note
-------+----------+-------------------------------------------
     0 | D:1      | Lovchig the Deep Dwarf Assassin began the quest for the Orb.
     0 | D:1      | Reached XP level 1. HP: 19/19 MP: 1/1
    40 | D:1      | Reached skill level 5 in Stealth
   173 | D:1      | Reached XP level 2. HP: 24/26 MP: 2/2
   651 | D:2      | Found a faded altar of an unknown god.
   688 | D:2      | Reached XP level 3. HP: 22/32 MP: 3/3
  1221 | D:2      | Reached skill level 6 in Stealth
  1227 | D:2      | Reached XP level 4. HP: 12/39 MP: 4/4
  1380 | D:3      | Noticed Robin
  1385 | D:3      | Noticed Jessica
  1415 | D:3      | Mangled by a hobgoblin

Skill      XL: |  1  2  3 |
---------------+----------+-----
Stealth        | 5 6 |  6.1
Fighting       | 2 |  2.2
Short Blades   | 2 |  2.2
Dodging        | 2 |  2.0
Throwing       | |  1.7

Action                   |  1- 3 |  4- 6 || total
-------------------------+-------+-------++-------
Melee: Dagger            |   158 |    23 ||   181
Evoke: Wand              |       |     1 ||     1
  Use: Scroll            |     4 |     2 ||     6
 Stab: Sleeping          |     7 |       ||     7
  Eat: Chunk             |     1 |     1 ||     2
Armor: Robe              |    38 |    15 ||    53
Dodge: Dodged            |    98 |    20 ||   118
